 Dungeon Crawl Stone Soup version 0.28.0-47-ge53b351184 (webtiles) character file.

Game seed: 18122549682570392994

2510 Gabide the Grave Robber (level 9, -8/68 HPs)
             Began as a Mummy Necromancer on May 10, 2022.
             Was an Initiate of Sif Muna.
             Killed by divine providence
             ... invoked by an orc priest
              (11 damage)
             ... on level 6 of the Dungeon.
             The game lasted 00:14:45 (6179 turns).

Gabide the Grave Robber (Mummy Necromancer)         Turns: 6179, Time: 00:14:47

Health: -8/68      AC:  3    Str: 11    XL:     9   Next: 28%
Magic:  17/17      EV: 15    Int: 18    God:    Sif Muna [......]
Gold:   175        SH:  0    Dex: 19    Spells: 15/19 levels left

rFire   x . .      SeeInvis .   j - +6 shillelagh "Devastator" {shatter}
rCold   + . .      Faith    +   (no shield)
rNeg    + + +      Spirit   .   a - +0 robe
rPois   ∞          Reflect  .   (no helmet)
rElec   .          Harm     .   i - +0 cloak
rCorr   .          Rampage  .   (no gloves)
Will    +....                   (no boots)
Stlth   ++........              k - amulet of faith
HPRegen 0.21/turn               g - +6 ring of dexterity
MPRegen 0.15/turn               (no ring)

@: no status effects
A: cold resistance 1, negative energy resistance 3, torment resistance 2, heat
vulnerability 1, no potions
a: Renounce Religion


You were on level 6 of the Dungeon.
You worshipped Sif Muna.
Sif Muna was noncommittal.
You visited 2 branches of the dungeon, and saw 7 of its levels.

You collected 175 gold pieces.

Inventory:

Hand Weapons
 j - the +6 shillelagh "Devastator" (weapon) {shatter}
   (You found it on level 2 of the Dungeon)

   It releases a powerful concussive burst when it strikes, dealing extra damage
   to the target and all other foes adjacent to them.
 q - a +5 dagger of venom
Armour
 a - a +0 robe (worn)
 i - a +0 cloak (worn)
Magical Staves
 m - a staff of death
Jewellery
 g - a +6 ring of dexterity (left hand)
 k - an amulet of faith (around neck)
Scrolls
 b - a scroll of fear {unknown}
 c - a scroll of magic mapping {unknown}
 d - a scroll of acquirement {unknown}
 e - 2 scrolls of enchant weapon {unknown}
 f - a scroll of amnesia {unknown}
 h - 2 scrolls of enchant armour {unknown}
 l - a scroll of vulnerability {unknown}
 n - a scroll of silence {unknown}
 o - a scroll of brand weapon {unknown}
 p - a scroll of identify {unknown}
 r - a scroll of immolation {unknown}


   Skills:
 * Level 5.3 Fighting
 - Level 2.0(3.3) Maces & Flails
 * Level 4.0(4.2) Staves
 * Level 4.8 Dodging
 - Level 1.5 Stealth
 + Level 5.6 Spellcasting
 * Level 7.1 Necromancy
 + Level 2.7 Evocations


You had 15 spell levels left.
You knew the following spells:

 Your Spells              Type           Power      Damage    Failure   Level
a - Pain                  Necr           100%       1d9       1%          1
b - Vampiric Draining     Necr           30%        2d8       1%          3

Your spell library contained the following spells:

 Spells                   Type           Power      Damage    Failure   Level
 Animate Skeleton         Necr           60%        N/A       1%          1
 Animate Dead             Necr           15%        N/A       7%          4
 Agony                    Necr           30%        N/A       19%         5
 Petrify                  Tmut/Erth      5%         N/A       77%         4
 Irradiate                Conj/Tmut      2%         3d14      98%         5
 Sublimation of Blood     Necr           Unusable   N/A       N/A         2

Dungeon Overview and Level Annotations

Branches:
Dungeon (6/15)             Temple (1/1) D:6

Altars:
Ashenzari
Cheibriados
Dithmenos
Elyvilon
Gozag
Hepliaklqana
Kikubaaqudgha
Makhleb
Nemelex Xobeh
Okawaru
Qazlal
Ru
Sif Muna
Trog
Uskayaw
Vehumet
Wu Jian
Xom
Yredelemnul
Zin
The Shining One


Innate Abilities, Weirdness & Mutations

You are immune to poison.
Your flesh is cold resistant. (rC+)
You are immune to negative energy. (rN+++)
You are immune to unholy pain and torment.
You are vulnerable to heat. (rF-)
You do not drink.


Message History

j - the +6 shillelagh "Devastator" (weapon)
{shatter} You completely miss the water moccasin.
The water moccasin is moderately wounded.
The water moccasin bites you. x2
You hit the water moccasin.
The water moccasin and the orc shudder.
The water moccasin is severely wounded.
You kill the orc!
Sif Muna accepts your kill.
The water moccasin is severely wounded.
The water moccasin completely misses you.
The orc priest invokes the aid of Beogh against you.
Beogh smites you! The water moccasin barely misses you.
You closely miss the water moccasin.
The water moccasin is severely wounded.
The water moccasin closely misses you.
You hit the water moccasin.
The water moccasin, the orc warrior and the orc shudder.
You kill the water moccasin!
Sif Muna accepts your kill.
The orc warrior is lightly wounded.
You kill the orc!
Sif Muna accepts your kill.
The orc priest mumbles some strange prayers to Beogh against you.
Beogh smites you!
Your Staves skill increases to level 4!
Press: ? - help, v - describe, . - travel, g - get item
Here: an orc warrior, wielding a +2 halberd of venom and wearing a +0 plate armour (lightly wounded) Item here: a water moccasin corpse.
The floor.
Unknown command.
The orc warrior hits you with a +2 halberd of venom!
The orc barely misses you.
You closely miss the orc warrior.
The orc warrior is lightly wounded.
The orc warrior hits you with a +2 halberd of venom!!
* * * LOW HITPOINT WARNING * * *
The orc closely misses you.
The orc priest invokes the aid of Beogh against you.
Beogh smites you!
You die...

##########.......#.# #.#
##########..)....#.##.#.#.
..........................
###########......#.##.#.#.
#........# #....#.###
#....#.# #....#.# #....#@#
######o###### #oo....#
.......o..##.# ..........#
............ ..........##.
######..... # #....##


You could see an orc warrior, an orc priest and 2 orcs.

Vanquished Creatures
  Pikel (D:4)
  Grinder (D:4)
  Sigmund (D:3)
  Eustachio (D:4)
  Menkaure (D:4)
  A water moccasin (D:6)
  Duvessa (D:5)
  An ice beast (D:5)
  2 black bears
  A necrophage (D:5)
  2 ogres (D:4)
  4 lemures (D:4)
  Blork the orc (D:5)
  A scorpion (D:5)
  A wyvern skeleton (D:5)
  Dowan (D:5)
  A howler monkey (D:4)
  A bullfrog zombie (D:3)
  A hound (D:5)
  Crazy Yiuf (D:2)
  A jelly (D:5)
  A bullfrog skeleton (D:5)
  2 iguanas
  A hound zombie (D:5)
  A hound skeleton (D:4)
  7 gnolls (D:4)
  5 adders
  2 dart slugs
  11 orcs
  8 ball pythons
  5 endoplasms
  2 giant cockroaches (D:4)
  8 hobgoblins
  3 jackals (D:4)
  5 kobolds
  2 quokkas
  6 bats
  3 frilled lizards
  5 goblins
  10 rats
113 creatures vanquished.

Vanquished Creatures (others)
  2 fungi (D:2)
  13 plants (D:2)
15 creatures vanquished.

Grand Total: 128 creatures vanquished

Notes
Turn   | Place    | Note
-------+----------+-------------------------------------------
     0 | D:1      | Gabide the Mummy Necromancer began the quest for the Orb.
     0 | D:1      | Reached XP level 1. HP: 13/13 MP: 4/4
   453 | D:1      | Reached XP level 2. HP: 20/20 MP: 3/5
  1925 | D:2      | Reached skill level 1 in Fighting
  1927 | D:2      | Reached XP level 3. HP: 26/26 MP: 2/7
  2414 | D:2      | Found a runed translucent door.
  2414 | D:2      | Found the +6 shillelagh "Devastator" {shatter}
  2415 | D:2      | Noticed Crazy Yiuf
  2527 | D:2      | Found a faded altar of an unknown god.
  2748 | D:2      | Learned a level 3 spell: Vampiric Draining
  2769 | D:2      | Killed Crazy Yiuf
  3080 | D:3      | Reached XP level 4. HP: 32/32 MP: 9/9
  3458 | D:3      | Reached XP level 5. HP: 38/38 MP: 7/10
  3483 | D:3      | Noticed Sigmund
  3492 | D:3      | Killed Sigmund
  3493 | D:3      | Reached skill level 1 in Staves
  3493 | D:3      | Reached skill level 5 in Necromancy
  3493 | D:3      | Reached XP level 6. HP: 40/46 MP: 1/11
  4024 | D:4      | Reached skill level 1 in Evocations
  4309 | D:4      | Noticed Menkaure
  4319 | D:4      | Killed Menkaure
  4320 | D:4      | Reached XP level 7. HP: 47/52 MP: 13/13
  4339 | D:4      | Noticed Eustachio
  4345 | D:4      | Killed Eustachio
  4357 | D:4      | Noticed Pikel
  4366 | D:4      | Killed Pikel
  4367 | D:4      | Reached skill level 1 in Maces & Flails
  4367 | D:4      | Reached skill level 6 in Necromancy
  4367 | D:4      | Reached XP level 8. HP: 24/60 MP: 13/15
  4579 | D:4      | Reached skill level 5 in Spellcasting
  4740 | D:4      | Noticed Grinder
  4752 | D:4      | Killed Grinder
  4838 | D:4      | You fall into a shaft and drop 1 floor!
  4838 | D:5      | Entered Level 5 of the Dungeon
  4906 | D:5      | Noticed Duvessa
  4908 | D:5      | Noticed Dowan
  4931 | D:5      | Killed Duvessa
  4937 | D:5      | Killed Dowan
  4965 | D:5      | Noticed Blork the orc
  4973 | D:5      | Killed Blork the orc
  4974 | D:5      | Reached XP level 9. HP: 48/67 MP: 17/17
  5017 | D:5      | Reached skill level 5 in Fighting
  5355 | D:5      | Reached skill level 7 in Necromancy
  5638 | D:6      | Found a staircase to the Ecumenical Temple.
  5774 | Temple   | Entered the Ecumenical Temple
  6017 | Temple   | Became a worshipper of Sif Muna the Loreminder
  6179 | D:6      | HP: 3/68 [orc warrior/+2 halberd of venom (25)]
  6179 | D:6      | Killed from afar by an orc priest

Illustrated notes

Levels and vault maps discovered:
D:1:      dpeg_arrival_court, layout_basic
D:2:      kb_forest_paths, layout_loops_corners,
          shapermc_ecumenical_altar_hornbeckon, small_statue_intersection,
          roderic_roman_lattice, uniq_crazy_yiuf_cottage
D:3:      layout_loops_ring, kennysheep_cross_room, minmay_parallelograms,
          uniq_sigmund
D:4:      layout_basic, uniq_menkaure, uniq_pikel, uniq_eustachio, uniq_grinder
D:5:      layout_rooms, uniq_blork_the_orc, uniq_duvessa
D:6:      layout_basic, minmay_temple_entry_gardened_gates
Temple:   mainiacjoe_temple_hex_bubbles

Skill      XL: |  1  2  3  4  5  6  7  8  9 |
---------------+----------------------------+-----
Spellcasting   | 3 4 5 |  5.6
Fighting       | 1 2 3 4 5 |  5.3
Dodging        | 2 3 4 |  4.8
Staves         | 1 2 3 4 |  4.0
Necromancy     | 5 6 7 |  7.1
Evocations     | 1 2 |  2.7
Maces & Flails | 1 2 |  2.0
Stealth        | |  1.5

Action                   |  1- 3 |  4- 6 |  7- 9 || total
-------------------------+-------+-------+-------++-------
Melee: Unarmed           |    15 |       |       ||    15
       Shillelagh        |     2 |    10 |    68 ||    80
       Staff             |       |       |     8 ||     8
 Cast: Pain              |    63 |    44 |     8 ||   115
       Vampiric Draining |     2 |     7 |     5 ||    14
 Stab: Sleeping          |     1 |     1 |       ||     2
Armor: Robe              |     6 |       |     9 ||    15
Dodge: Dodged            |    31 |     5 |    48 ||    84
